Map: 中心协议

Players

shengy

  • Race: Zerg Zerg
  • League: Gold

RiverboatRon - Winner!

  • Race: Zerg Zerg
  • League: Gold

VOD

Have the link to the VOD?

Description

Time

  • Played on: Dec. 5, 2015, 10:42 p.m.
  • Length: 4:36
Show
View Real Time Build Order
Export as new Build Order

shengy Zerg 

Build Orders: Pool First 

Get SALT Encoding   

  12  0:01  Drone  
  13  0:08  Drone  
  14  0:17  Overlord  
  14  0:36  Drone x3  
  17  0:47  Spawning Pool  
  17  0:50  Drone  
  17  0:59  Drone  
  18  1:21  Hatchery  
  17  1:29  Drone  
  17  1:31  Drone  
  19  1:33  Overlord  
  19  1:45  Drone  
  20  1:53  Extractor  
  19  2:06  Zergling x4  
  21  2:13  Drone  
  22  2:16  Queen  
  24  2:25  Drone  
  25  2:41  Zergling x2  
  25  2:42  Spine Crawler  
  25  2:45  Baneling Nest  
  24  2:55  Queen  
  24  2:57  Queen  
  28  3:03  Zergling x4  
  28  3:04  Zergling x6  
  33  3:06  Drone  
  34  3:14  Overlord  
  34  3:47  Extractor  
  34  3:48  Drone x7  
  32  4:07  Zergling x10  
Show
View Real Time Build Order
Export as new Build Order

RiverboatRon Zerg - Winner!

Build Orders: Hatch First 

Get SALT Encoding   

  12  0:02  Drone  
  13  0:13  Overlord  
  13  0:20  Drone  
  14  0:32  Drone x2  
  16  0:37  Drone  
  17  0:58  Hatchery  
  16  1:28  Spawning Pool  
  16  1:29  Hatchery  
  14  1:35  Extractor  
  14  1:36  Drone, Extractor  
  13  1:41  Drone  
  13  1:46  Overlord  
  14  1:52  Drone  
  16  2:03  Drone  
  17  2:13  Drone  
  18  2:15  Queen  
  18  2:20  Zergling x2  
  18  2:21  Zergling x2  
  18  2:22  Zergling x2  
  23  2:34  Zergling x2  
  23  2:36  Zergling x2  
  25  2:43  Drone  
  26  2:46  Metabolic Boost  
  27  2:51  Drone  
  27  2:56  Zergling x2  
  28  2:59  Drone  
  28  3:04  Zergling x4  
  31  3:07  Zergling x2  
  31  3:20  Zergling x2  
  31  3:22  Zergling x2  
  33  3:27  Zergling x2  
  33  3:28  Queen  
  33  3:33  Drone  
  33  3:34  Drone  
  38  3:43  Zergling x6  
  36  3:51  Zergling x4  
  36  3:53  Zergling x2  
  38  3:56  Zergling x2  
  38  4:02  Zergling x2  
  36  4:06  Zergling x2  
  33  4:11  Drone x2  
  33  4:15  Zergling x2  
Tags
 
Add a new tag
Caveats
  • Supply blocks, unpowered buildings, or Contaminate may cause inaccurate times.
  • Supply counts are checked every 10 seconds.